 Dungeon Crawl Stone Soup version 0.30-b1-2-g02819fbbbe (webtiles) character file.

Game seed: 525555717434874044

18295 MisterFreud the Fighter (level 12, -10/97 HPs)
             Began as a Gnoll Wanderer on Aug 31, 2023.
             Was an Initiate of Yredelemnul.
             Mangled by a skeletal warrior
             ... wielding a +0 mace
              (25 damage)
             ... on level 11 of the Dungeon.
             The game lasted 00:33:07 (8996 turns).

MisterFreud the Fighter (Gnoll Wanderer)            Turns: 8996, Time: 00:33:08

Health: -10/97     AC: 11    Str: 14    XL:     12   Next: 57%
Magic:  24/24      EV: 25    Int: 14    God:    Yredelemnul [......]
Gold:   2047       SH:  0    Dex: 14    Spells: 22/27 levels left

rFire   . . .        O - +5 lajatang (vamp)
rCold   . . .        (shield currently unavailable)
rNeg    . . .        m - +1 leather armour of Dyspraxia {Regen+ Dex+2}
rPois   +            w - +0 helmet
rElec   .            P - +2 cloak {rPois}
rCorr   .            N - +0 pair of gloves
SInv    .            (no boots)
Will    .....        W - amulet of Jorucam {rPois Regen+}
Stlth   +++          y - +5 ring of evasion
HPRegen 1.96/turn    l - +5 ring of evasion
MPRegen 0.19/turn

%: no passive effects
@: no status effects
A: fangs 1, strong nose, distributed training
a: Renounce Religion, Recall Undead Harvest


You were on level 11 of the Dungeon.
You worshipped Yredelemnul.
Yredelemnul was aware of your devotion.
You visited 1 branch of the dungeon, and saw 11 of its levels.
You also visited: Sewer and Bailey.

You collected 2047 gold pieces.

Inventory:

Hand Weapons
 u - the +9 scimitar of Wusymp {flame, +Blink}
   (You found it in a sewer)

   +Blink:    It lets you blink.
 C - a +5 morningstar
 H - the +7 spear of Ilurea {venom, rElec Str+3}
   (You found it on level 7 of the Dungeon)

   Str:       It affects your strength (+3).
   rElec:     It insulates you from electricity.
 O - a +5 vampiric lajatang (weapon)
Missiles
 b - 2 atropa-tipped darts
 j - 7 silver boomerangs
 k - 10 boomerangs
 o - 3 throwing nets
 t - 28 poisoned darts
 T - 3 javelins
 X - 5 curare-tipped darts
Armour
 d - a +0 leather armour
 h - a +1 cloak
 m - the +1 leather armour of Dyspraxia (worn) {Regen+ Dex+2}
   (You found it on level 3 of the Dungeon)

   Dex:       It affects your dexterity (+2).
   Regen:     It increases your rate of health regeneration.
 w - a +0 helmet (worn)
 K - quicksilver dragon scales
 N - a +0 pair of gloves (worn)
 P - a +2 cloak of poison resistance (worn)
Jewellery
 l - a +5 ring of evasion (right hand)
 n - a +6 ring of intelligence
 p - a ring of positive energy
 q - a ring of protection from fire
 v - a ring of protection from cold
 x - an amulet of regeneration
 y - a +5 ring of evasion (left hand)
 J - a +4 ring of protection
 W - the amulet of Jorucam (around neck) {rPois Regen+}
   (You found it on level 9 of the Dungeon)

   [amulet of regeneration]

   rPois:     It protects you from poison.
   Regen:     It increases your rate of health regeneration.
Wands
 G - a wand of roots (20)
 M - a wand of mindburst (8)
 R - a wand of flame (25)
 V - a wand of light (4)
Scrolls
 a - a scroll of butterflies
 f - a scroll of silence
 F - a scroll of blinking
 I - 6 scrolls of teleportation
 L - a scroll of enchant armour
 Z - a scroll of poison
Potions
 c - 3 potions of berserk rage
 e - 6 potions of attraction
 g - a potion of curing
 r - a potion of might {unknown}
 s - 4 potions of haste
 z - 3 potions of magic
 A - 3 potions of cancellation
 D - a potion of flight {unknown}
 E - a potion of resistance {unknown}
 Q - a potion of invisibility {unknown}
 S - a potion of mutation
 U - a potion of degeneration {unknown}
 Y - a potion of ambrosia {unknown}


   Skills:
 + Level 10.1 Fighting
 + Level 7.7 Short Blades
 + Level 7.7 Long Blades
 + Level 7.7 Axes
 + Level 7.7 Maces & Flails
 + Level 7.7 Polearms
 + Level 7.7 Staves
 + Level 7.7 Ranged Weapons
 + Level 7.7 Throwing
 + Level 7.7 Armour
 + Level 7.7 Dodging
 + Level 7.7 Stealth
 + Level 7.7 Shields
 + Level 8.1 Unarmed Combat
 + Level 8.2 Spellcasting
 + Level 6.4 Conjurations
 + Level 6.4 Hexes
 + Level 6.4 Summonings
 + Level 6.4 Necromancy
 + Level 6.4 Translocations
 + Level 6.4 Transmutations
 + Level 6.4 Fire Magic
 + Level 6.4 Ice Magic
 + Level 6.4 Air Magic
 + Level 9.6 Earth Magic
 + Level 6.4 Poison Magic
 + Level 8.9 Invocations
 + Level 7.7 Evocations


You had 22 spell levels left.
You knew the following spells:

 Your Spells              Type           Power      Damage    Failure   Level
a - Sandblast             Erth           64%        2d14      1%          1
b - Searing Ray           Conj           46%        2d6       1%          2
c - Passwall              Tmut/Erth      23%        N/A       1%          2

Your spell library contained the following spells:

 Spells                   Type           Power      Damage    Failure   Level
 Magic Dart               Conj           92%        1d7       1%          1
 Necrotise                Necr           92%        1d8       1%          1
 Cigotuvi's Dreadful Rot  Necr/Pois/Air  46%        N/A       1%          2
 Lesser Beckoning         Tloc           46%        N/A       1%          2
 Dazzling Flash           Conj/Hex       46%        N/A       3%          3
 Gell's Gravitas          Tloc           23%        N/A       3%          3
 Teleport Other           Tloc           23%        N/A       3%          3
 Vampiric Draining        Necr           23%        2d7       3%          3
 Animate Armour           Summ/Erth      56%        N/A       5%          4
 Dispel Undead            Necr           23%        3d12      11%         4
 Fulminant Prism          Conj/Hex       11%        3d8       11%         4
 Agony                    Necr           23%        N/A       30%         5
 Silence                  Hex/Air        11%        N/A       30%         5
 Death Channel            Necr           Unusable   N/A       N/A         6

Dungeon Overview and Level Annotations

Branches:
Dungeon (11/15)            Temple (0/1) D:6           Sewer (visited)
 Bailey (visited)
   Lair: D:8-11         Orc: D:9-12

Altars:
Dithmenos
Gozag
Nemelex Xobeh
Qazlal
Sif Muna
Uskayaw
Vehumet
Wu Jian
Yredelemnul
Zin

Shops:
D:10 =

Annotations:
D:7 exclusion: ice statue


Innate Abilities, Weirdness & Mutations

You have very sharp teeth.
Your uncanny sense of smell can sniff out nearby items.
Your experience applies equally to all skills.


Message History

You feel better.
Your transformation is almost over.
The boulder beetle bites you but does no damage.
You hit the boulder beetle but do no damage.
The boulder beetle is severely wounded.
The boulder beetle bites you but does no damage.
Unknown command.
You slice the boulder beetle!!
You feel better.
The boulder beetle is almost dead.
The boulder beetle bites you but does no damage.
You hit the boulder beetle but do no damage.
The boulder beetle is almost dead.
The boulder beetle bites you but does no damage.
You hit the boulder beetle.
You feel better.
You kill the boulder beetle!
You cannot move.
You hit the skeletal warrior.
The skeletal warrior is lightly damaged.
The skeletal warrior hits you but does no damage.
You barely miss the skeletal warrior.
The skeletal warrior is lightly damaged.
The skeletal warrior hits you but does no damage.
You hit the skeletal warrior but do no damage.
The skeletal warrior is lightly damaged.
The skeletal warrior hits you but does no damage.
You slash the skeletal warrior!
The skeletal warrior is moderately damaged.
The skeletal warrior hits you with a +0 mace!
* * * LOW HITPOINT WARNING * * *
You hit the skeletal warrior but do no damage.
The skeletal warrior is moderately damaged.
You feel less wooden.
Your +2 cloak of poison resistance unmelds from your body.
Your +0 helmet unmelds from your body.
Your +0 pair of gloves unmelds from your body.
The +1 leather armour of Dyspraxia {Regen+ Dex+2} unmelds from your body.
You feel resistant to poison.
The skeletal warrior hits you with a +0 mace!!
You die...
Your body rises from the dead as a mindless zombie.

#. #.##Z##.#
#........ #.
..###.#
#.#####.#
..##?#Z##
...#($##Z#
#..##)..#.##
l...##.#
...#.##
######.##.#
#..Z@z..).#
######.).##
∆#.#)##
#B##(# ∆ ∆
.. #}# .#.
## .##. ##
.. ∆ .. ∆


You could see a skeletal warrior (ally target) and a friendly centaur zombie.

Vanquished Creatures
  A hydra (D:11)
  A boulder beetle (D:11)
  4 two-headed ogres
  A wizard (D:11)
  Pikel (D:8)
  2 cyclopes (D:11)
  A gargoyle (D:11)
  An unseen horror (D:11)
  A kobold demonologist (D:9)
  A komodo dragon (D:11)
  5 trolls
  A hornet (D:9)
  Prince Ribbit (D:5)
  4 spriggans (Bailey)
  14 yaks
  A shadow (D:10)
  A vampire (D:9)
  A wyvern (D:11)
  3 steam dragons
  2 water moccasins
  Duvessa (D:4)
  6 orc warriors
  2 black bears
  An ice beast (D:5)
  4 ogres (Bailey)
  3 centaurs
  6 kobold brigands
  Blork the orc (D:6)
  2 bullfrogs (D:9)
  2 gnoll sergeants
  2 scorpions
  12 wights
  Dowan (D:4)
  5 killer bees (D:9)
  2 howler monkeys
  3 hounds
  A jelly (D:5)
  A gnoll bouda (D:6)
  An orc priest (D:9)
  2 iguanas (D:6)
  Natasha (twice) (D:4)
  6 orc wizards
  2 sleepcaps
  11 gnolls
  10 adders
  A white imp (D:7)
  An ufetubus (D:6)
  2 worms
  2 dart slugs (D:1)
  28 orcs
  7 ball pythons
  6 endoplasms
  5 giant cockroaches
  10 goblins
  7 hobgoblins
  9 jackals
  6 quokkas (D:1)
  7 bats
  2 frilled lizards
  14 kobolds
  9 rats
252 creatures vanquished.

Vanquished Creatures (collateral kills)
  A two-headed ogre (D:10)
  Sonja (D:10)
  2 spriggans (Bailey)
  2 yaks
  2 steam dragons
  2 orc warriors (D:9)
  2 bullfrogs (D:8)
  A wight (D:9)
  3 killer bees (D:10)
  A howler monkey (D:11)
  A gnoll bouda (D:9)
  An orc wizard (D:8)
  3 gnolls
  A shadow imp (D:7)
  4 orcs
  2 kobolds (D:11)
29 creatures vanquished.

Vanquished Creatures (others)
  An orc sorcerer (D:8)
  A hydra zombie (D:11)
  A two-headed ogre zombie (D:11)
  A komodo dragon zombie (D:11)
  A wyvern zombie (D:11)
  3 troll zombies
  A spriggan zombie (Bailey)
  4 yak zombies (D:9)
  A bullfrog zombie (D:8)
  A black bear zombie (D:8)
  3 killer bee zombies (D:9)
  5 kobold zombies
  2 howler monkey zombies
  An elf zombie (D:4)
  An adder zombie (D:5)
  An iguana zombie (D:6)
  3 orcs (D:6)
  5 gnoll zombies
  10 orc zombies
46 creatures vanquished.

Grand Total: 327 creatures vanquished

Notes
Turn   | Place    | Note
-------+----------+-------------------------------------------
     0 | D:1      | MisterFreud the Gnoll Wanderer began the quest for the Orb.
     0 | D:1      | MisterFreud set off with the following items: a +0 club, a
                  | potion of lignification, a potion of berserk rage, a +0
                  | leather armour, a potion of attraction; and the following
                  | spell memorised: Sandblast; and the following spells
                  | available to memorise: Passwall, Animate Armour.
     0 | D:1      | Reached XP level 1. HP: 23/23 MP: 4/4
   147 | D:1      | Reached XP level 2. HP: 29/29 MP: 3/5
   381 | D:1      | Reached XP level 3. HP: 35/35 MP: 4/7
  1008 | D:2      | Reached skill level 1 in Short Blades
  1008 | D:2      | Reached skill level 1 in Long Blades
  1008 | D:2      | Reached skill level 1 in Axes
  1008 | D:2      | Reached skill level 1 in Maces & Flails
  1008 | D:2      | Reached skill level 1 in Polearms
  1008 | D:2      | Reached skill level 1 in Staves
  1008 | D:2      | Reached skill level 1 in Ranged Weapons
  1008 | D:2      | Reached skill level 1 in Throwing
  1008 | D:2      | Reached skill level 1 in Armour
  1008 | D:2      | Reached skill level 1 in Dodging
  1008 | D:2      | Reached skill level 1 in Stealth
  1008 | D:2      | Reached skill level 1 in Shields
  1008 | D:2      | Reached skill level 1 in Evocations
  1038 | D:2      | Reached XP level 4. HP: 41/41 MP: 4/8
  1313 | D:2      | Reached skill level 1 in Conjurations
  1313 | D:2      | Reached skill level 1 in Hexes
  1313 | D:2      | Reached skill level 1 in Summonings
  1313 | D:2      | Reached skill level 1 in Necromancy
  1313 | D:2      | Reached skill level 1 in Translocations
  1313 | D:2      | Reached skill level 1 in Transmutations
  1313 | D:2      | Reached skill level 1 in Fire Magic
  1313 | D:2      | Reached skill level 1 in Ice Magic
  1313 | D:2      | Reached skill level 1 in Air Magic
  1313 | D:2      | Reached skill level 1 in Poison Magic
  1822 | D:3      | Identified the +1 leather armour of Dyspraxia {Regen+
                  | Dex+2}
  2312 | D:3      | Reached XP level 5. HP: 47/47 MP: 6/9
  2557 | D:4      | Noticed Dowan
  2567 | D:3      | Learned a level 2 spell: Searing Ray
  2574 | D:4      | Noticed Duvessa
  2918 | D:4      | Found a basalt altar of Yredelemnul.
  2963 | D:4      | Reached XP level 6. HP: 53/53 MP: 1/11
  3043 | D:4      | Noticed Natasha
  3052 | D:4      | Killed Natasha
  3091 | D:4      | Learned a level 2 spell: Passwall
  3128 | D:4      | Became a worshipper of Yredelemnul the Dark
  3167 | D:4      | Identified a scroll of acquirement
  3167 | D:4      | Acquired a +3 lajatang of pain
  3413 | D:4      | Killed Duvessa
  3425 | D:4      | Your ally Duvessa died
  3429 | D:4      | Killed Dowan
  3430 | D:4      | Reached skill level 7 in Fighting
  3430 | D:4      | Reached XP level 7. HP: 60/60 MP: 8/12
  3597 | D:4      | Noticed Natasha
  3604 | D:4      | Killed Natasha
  3666 | D:4      | Reached * piety under Yredelemnul
  3804 | D:5      | Entered Level 5 of the Dungeon
  4006 | D:5      | Reached XP level 8. HP: 67/67 MP: 11/14
  4026 | D:5      | Found a glowing drain.
  4037 | Sewer    | Entered a sewer
  4122 | Sewer    | Identified the +9 scimitar of Wusymp {flame, +Blink}
  4326 | D:5      | Found a shadowy altar of Dithmenos.
  4433 | D:6      | Found a staircase to the Ecumenical Temple.
  4437 | D:6      | Noticed Blork the orc
  4443 | D:6      | Noticed Prince Ribbit
  4458 | D:5      | Killed Prince Ribbit
  4600 | D:6      | Killed Blork the orc
  4601 | D:6      | Reached skill level 5 in Invocations
  4673 | D:6      | Reached XP level 9. HP: 60/73 MP: 16/16
  4674 | D:6      | Your ally Blork died
  4685 | D:6      | Reached skill level 5 in Spellcasting
  4702 | D:6      | Reached skill level 5 in Unarmed Combat
  4824 | D:6      | Found an opulent altar of Gozag.
  4825 | D:6      | Found a glowing silver altar of Zin.
  4908 | D:6      | Found a sparkling altar of Nemelex Xobeh.
  4916 | D:6      | Found an ornate altar of the Wu Jian Council.
  4921 | D:6      | Found a shimmering blue altar of Sif Muna.
  5206 | D:7      | Found a flagged portal.
  5212 | D:7      | Identified the +7 spear of Ilurea {venom, rElec Str+3}
  5229 | Bailey   | Entered a bailey
  5253 | Bailey   | Reached skill level 8 in Fighting
  5393 | Bailey   | Identified the +1 quarterstaff of Omaej {heavy, MP+9 Int+2}
  5393 | Bailey   | Noticed a two-headed ogre
  5401 | Bailey   | Reached skill level 5 in Short Blades
  5401 | Bailey   | Reached skill level 5 in Long Blades
  5401 | Bailey   | Reached skill level 5 in Axes
  5401 | Bailey   | Reached skill level 5 in Maces & Flails
  5401 | Bailey   | Reached skill level 5 in Polearms
  5401 | Bailey   | Reached skill level 5 in Staves
  5401 | Bailey   | Reached skill level 5 in Ranged Weapons
  5401 | Bailey   | Reached skill level 5 in Throwing
  5401 | Bailey   | Reached skill level 5 in Armour
  5401 | Bailey   | Reached skill level 5 in Dodging
  5401 | Bailey   | Reached skill level 5 in Stealth
  5401 | Bailey   | Reached skill level 5 in Shields
  5401 | Bailey   | Reached skill level 5 in Evocations
  5401 | Bailey   | Reached XP level 10. HP: 46/81 MP: 18/18
  5404 | Bailey   | Killed a two-headed ogre
  5405 | Bailey   | Reached ** piety under Yredelemnul
  5565 | D:7      | Noticed an ice statue
  5620 | D:7      | Found a hide-covered altar of Uskayaw.
  5664 | D:7      | Found a radiant altar of Vehumet.
  6092 | D:8      | Noticed Pikel
  6097 | D:8      | Killed Pikel
  6123 | D:8      | Noticed an orc sorcerer
  6132 | D:8      | Noticed a rust devil
  6140 | D:8      | Paralysed by an orc sorcerer for 2 turns
  6146 | D:8      | Noticed a smoke demon
  6149 | D:8      | Killed an orc sorcerer
  6647 | D:8      | Acquired 1004 gold pieces
  6758 | D:9      | Acquired a +5 vampiric lajatang
  6895 | D:9      | Identified the +1 dagger "Beetle's Death Toll" {elec,
                  | +Blink Will+ MP-9}
  6903 | D:9      | Identified the amulet of Jorucam {rPois Regen+}
  6924 | D:9      | Reached skill level 9 in Fighting
  6931 | D:9      | Found a stormy altar of Qazlal.
  6972 | D:9      | Reached skill level 5 in Conjurations
  6972 | D:9      | Reached skill level 5 in Hexes
  6972 | D:9      | Reached skill level 5 in Summonings
  6972 | D:9      | Reached skill level 5 in Necromancy
  6972 | D:9      | Reached skill level 5 in Translocations
  6972 | D:9      | Reached skill level 5 in Transmutations
  6972 | D:9      | Reached skill level 5 in Fire Magic
  6972 | D:9      | Reached skill level 5 in Ice Magic
  6972 | D:9      | Reached skill level 5 in Air Magic
  6972 | D:9      | Reached skill level 5 in Poison Magic
  7005 | D:9      | Reached XP level 11. HP: 89/89 MP: 21/21
  7130 | D:9      | Noticed a two-headed ogre
  7165 | D:9      | Killed a two-headed ogre
  7241 | D:9      | Reached *** piety under Yredelemnul
  7500 | D:10     | Entered Level 10 of the Dungeon
  7504 | D:10     | Found Wiotypt's Jewellery Shop.
  7633 | D:10     | Noticed a two-headed ogre
  7643 | D:10     | Killed a two-headed ogre
  7841 | D:10     | Reached **** piety under Yredelemnul
  7893 | D:10     | Reached ***** piety under Yredelemnul
  7938 | D:10     | Noticed a two-headed ogre
  7947 | D:10     | Killed a two-headed ogre
  7992 | D:10     | Reached XP level 12. HP: 56/97 MP: 23/23
  8036 | D:10     | Noticed Sonja
  8043 | D:10     | Killed Sonja
  8783 | D:11     | Noticed a two-headed ogre
  8793 | D:11     | Killed a two-headed ogre
  8933 | D:11     | Noticed a boulder beetle
  8934 | D:11     | Reached skill level 10 in Fighting
  8940 | D:11     | Noticed a four-headed hydra
  8961 | D:11     | Killed a one-headed hydra
  8985 | D:11     | HP: 4/145 [boulder beetle (18)]
  8991 | D:11     | Killed a boulder beetle
  8996 | D:11     | Mangled by a skeletal warrior

Illustrated notes

Levels and vault maps discovered:
D:1:      roderic_octagonal_star, layout_rooms, minmay_indecisive_spiral
D:2:      layout_basic
D:3:      layout_loops_cross
D:4:      layout_basic, mainiacjoe_overflow_concentric_impassable,
          hangedman_decor_points, uniq_duvessa, uniq_natasha
D:5:      layout_rooms, lemuel_doored_altar, portal_sewer_entry_d
D:6:      layout_rooms, grunt_temple_overflow_gold_and_silver,
          minmay_overflow_temple_star_quad, minmay_temple_entry_stoned_glass,
          uniq_blork_the_orc, uniq_prince_ribbit1
D:7:      lemuel_ice_statue, layout_gridville,
          nicolae_uskayaw_murder_on_the_dancefloor, fiery_altar_vehumet,
          enter_bailey_2
D:8:      cheibrodos_wizards_tower, layout_loops_cross, uniq_pikel
D:9:      minmay_polygon_palace, layout_cave_pools, grunt_qazlal_clouds
D:10:     layout_loops_corners, serial_shops, shop, uniq_sonja
D:11:     minmay_the_grid_four_pointed_star
          [minmay_the_grid_triangle_9x9_dagger,
          minmay_the_grid_triangle_9x9_semitri,
          minmay_the_grid_triangle_9x9_limited_checkers,
          minmay_the_grid_triangle_9x9_cache, minmay_the_grid_prize_trominoes],
          layout_basic, dpeg_oklobed_lair, uniq_nergalle, uniq_urug

Skill      XL: |  1  2  3  4  5  6  7  8  9 10 11 12 |
---------------+-------------------------------------+-----
Short Blades   | 1 2 3 5 6 7 |  7.7
Long Blades    | 1 2 3 5 6 7 |  7.7
Axes           | 1 2 3 5 6 7 |  7.7
Maces & Flails | 1 2 3 5 6 7 |  7.7
Polearms       | 1 2 3 5 6 7 |  7.7
Staves         | 1 2 3 5 6 7 |  7.7
Ranged Weapons | 1 2 3 5 6 7 |  7.7
Throwing       | 1 2 3 5 6 7 |  7.7
Armour         | 1 2 3 5 6 7 |  7.7
Dodging        | 1 2 3 5 6 7 |  7.7
Stealth        | 1 2 3 5 6 7 |  7.7
Shields        | 1 2 3 5 6 7 |  7.7
Evocations     | 1 2 3 5 6 7 |  7.7
Spellcasting   | 3 4 5 6 7 8 |  8.2
Conjurations   | 1 2 3 4 5 6 |  6.4
Hexes          | 1 2 3 4 5 6 |  6.4
Summonings     | 1 2 3 4 5 6 |  6.4
Necromancy     | 1 2 3 4 5 6 |  6.4
Translocations | 1 2 3 4 5 6 |  6.4
Transmutations | 1 2 3 4 5 6 |  6.4
Fire Magic     | 1 2 3 4 5 6 |  6.4
Ice Magic      | 1 2 3 4 5 6 |  6.4
Air Magic      | 1 2 3 4 5 6 |  6.4
Poison Magic   | 1 2 3 4 5 6 |  6.4
Invocations    | 3 4 5 6 7 8 |  8.9
Unarmed Combat | 3 4 5 6 7 8 |  8.1
Fighting       | 7 8 9 10 | 10.1
Earth Magic    | 8 9 |  9.6

Action                     |  1- 3 |  4- 6 |  7- 9 | 10-12 || total
---------------------------+-------+-------+-------+-------++-------
  Melee: Club              |     4 |     5 |       |       ||     9
         Punch             |     1 |       |       |     2 ||     3
         Bite              |     1 |     1 |    11 |    72 ||    85
         Lajatang          |       |     8 |   124 |   488 ||   620
         Scimitar          |       |       |       |     8 ||     8
   Cast: Sandblast         |    45 |    70 |    58 |    16 ||   189
         Searing Ray       |       |     8 |       |       ||     8
 Invoke: Recall Undead Har |       |       |       |     3 ||     3
  Evoke: Wand              |       |       |       |     2 ||     2
    Use: Scroll            |     4 |     8 |     5 |     9 ||    26
         Potion            |       |     1 |     1 |     6 ||     8
   Stab: Sleeping          |       |       |       |     4 ||     4
         Distracted        |       |       |       |     5 ||     5
 Armour: Leather armour    |     6 |    16 |    13 |    81 ||   116
         Skin              |       |     3 |       |    32 ||    35
  Dodge: Dodged            |    12 |    69 |   193 |   605 ||   879
